 Dungeon Crawl Stone Soup version 0.29-a0-352-g0917bc69df (webtiles) character file.

Game seed: 4325364507372263089

1226 avis the Cleaver (level 8, -4/70 HPs)
             Began as a Hill Orc Monk on Apr 23, 2022.
             Slain by a hornet (5 damage)
             ... on level 5 of the Dungeon.
             The game lasted 00:19:35 (5061 turns).

avis the Cleaver (Hill Orc Monk)                    Turns: 5061, Time: 00:19:35

Health: -4/70      AC: 13    Str: 16    XL:     8   Next: 47%
Magic:  8/8        EV:  7    Int: 13    God:
Gold:   359        SH:  0    Dex: 13    Spells: 7/7 levels left

rFire   . . .      SeeInvis .   a - +0 broad axe
rCold   . . .      Faith    .   (no shield)
rNeg    . . .      Spirit   .   r - +0 chain mail
rPois   .          Reflect  .   G - +1 helmet {Int+3}
rElec   .          Harm     .   (no cloak)
rCorr   +          Rampage  .   y - +0 pair of gloves
Will    .....                   f - +0 pair of boots
Stlth   ..........              (no amulet)
HPRegen 0.21/turn               o - ring of resist corrosion
MPRegen 0.11/turn               (no ring)

@: confused, lethally poisoned (-4 -> -23), ambrosia-drunk, slowed, very slow
A: no striking features
a: no special abilities


You were on level 5 of the Dungeon.
You visited 1 branch of the dungeon, and saw 5 of its levels.

You collected 359 gold pieces.

Inventory:

Hand Weapons
 a - a +0 broad axe (weapon)
 b - a +1 vorpal hunting sling
 q - a +0 hand axe
 C - a +2 morningstar of protection
 D - a +0 war axe
 J - a +0 hunting sling
 M - a +2 vampiric dagger
 P - a +1 flail of protection
Missiles
 j - 143 stones
 m - 3 boomerangs (quivered)
 z - 2 poisoned darts
Armour
 f - a +0 pair of boots (worn)
 h - a +0 ring mail
 r - a +0 chain mail (worn)
 y - a +0 pair of gloves (worn)
 E - a +0 leather armour
 G - a +1 helmet of intelligence (worn)
 K - a +0 chain mail
 O - a +0 robe
Jewellery
 o - a ring of resist corrosion (left hand)
Wands
 s - a wand of paralysis (8)
 B - a wand of iceblast (7)
Scrolls
 d - a scroll of noise {unknown}
 g - a scroll of enchant weapon {unknown}
 l - 2 scrolls of blinking {unknown}
 n - 3 scrolls of identify {unknown}
 p - 2 scrolls of magic mapping {unknown}
 t - a scroll of brand weapon {unknown}
 u - a scroll of holy word {unknown}
 v - 4 scrolls of teleportation {unknown}
 A - a scroll of immolation {unknown}
 F - a scroll of enchant armour {unknown}
 H - a scroll of fog {unknown}
 I - a scroll of fear {unknown}
 Q - a scroll of amnesia {unknown}
Potions
 e - 3 potions of haste {unknown}
 i - a potion of lignification {unknown}
 k - a potion of heal wounds {unknown}
 w - a potion of resistance {unknown}
 x - a potion of magic {unknown}
 L - a potion of flight {unknown}
 N - a potion of mutation {unknown}


   Skills:
 + Level 6.3 Fighting
 * Level 11.8 Axes
 - Level 2.1 Armour
 - Level 2.4 Dodging
 - Level 1.5 Stealth


You had 7 spell levels left.
You didn't know any spells.
Your spell library was empty.

Dungeon Overview and Level Annotations

Branches:
Dungeon (5/15)
 Temple: D:4-7

Altars:
Gozag
Kikubaaqudgha
Yredelemnul

Annotations:
D:5 1 transporter, Menkaure


Message History

The iguana bites you but does no damage.
The hornet stings you but does no damage.
You feel very sick. The iguana bites you.
The hornet stings you but does no damage.
You can move again.
You hit the hornet.
The hornet is lightly wounded.
You hit the iguana but do no damage.
You feel very sick. The hornet stings you.
* * * LOW HITPOINT WARNING * * *
You are lethally poisoned!
You feel as though you will be slow longer.
The iguana barely misses you. The hornet stings you.
* * * LOW HITPOINT WARNING * * *
You feel as though you will be slow longer.
The iguana bites you but does no damage.
The hornet stings you but does no damage.
Okay, then.
You are confused.
You feel invigorated.
* * * LOW HITPOINT WARNING * * *
You feel extremely sick. The hornet stings you!
* * * LOW HITPOINT WARNING * * *
You feel as though you will be slow longer.
The iguana bites you but does no damage.
The hornet stings you but does no damage.
You're too confused to attack without stumbling around!
You're too confused to attack without stumbling around!
The iguana attacks as you move away! The iguana barely misses you.
* * * LOW HITPOINT WARNING * * *
You feel very sick. The hornet stings you.
* * * LOW HITPOINT WARNING * * *
You are more poisoned.
You feel as though you will be slow longer.
The hornet stings you.
You die...

#.......... ##
#..........#
...# ..........#
....##........##
....#..........#
#............#
#...........###
#..@y........#
#...l......#
##........##.#
#....<.......
#.#########.#
#.# #.# #.# #.#


You could see a hornet and an iguana.

Vanquished Creatures
  Edmund (D:4)
  Duvessa (D:4)
  A water moccasin (D:4)
  2 black bears
  2 phantoms
  4 scorpions
  Dowan (D:4)
  2 hounds (D:4)
  An iguana (D:4)
  2 orc wizards (D:3)
  6 adders
  2 worms
  3 dart slugs (D:1)
  6 orcs (D:3)
  11 ball pythons
  6 endoplasms
  8 giant cockroaches
  8 goblins
  4 hobgoblins
  5 jackals
  2 quokkas (D:1)
  5 bats
  5 frilled lizards
  8 kobolds
  4 rats
100 creatures vanquished.

Vanquished Creatures (others)
  A fungus (D:4)
  5 toadstools (D:4)
6 creatures vanquished.

Grand Total: 106 creatures vanquished

Notes
Turn   | Place    | Note
-------+----------+-------------------------------------------
     0 | D:1      | avis the Hill Orc Monk began the quest for the Orb.
     0 | D:1      | Reached XP level 1. HP: 19/19 MP: 1/1
   223 | D:1      | Reached XP level 2. HP: 19/26 MP: 2/2
   517 | D:1      | Reached skill level 5 in Axes
   708 | D:1      | Reached XP level 3. HP: 33/33 MP: 3/3
  1402 | D:2      | Found a faded altar of an unknown god.
  1406 | D:2      | Noticed a phantom
  1426 | D:2      | Killed a phantom
  1427 | D:2      | Reached skill level 6 in Axes
  1427 | D:2      | Reached XP level 4. HP: 29/41 MP: 4/4
  1427 | D:2      | Reached XP level 5. HP: 34/47 MP: 5/5
  2258 | D:3      | Reached skill level 7 in Axes
  2258 | D:3      | Reached skill level 1 in Armour
  2607 | D:3      | Reached skill level 5 in Fighting
  2607 | D:3      | Reached XP level 6. HP: 48/56 MP: 6/6
  3432 | D:4      | Reached skill level 8 in Axes
  3594 | D:4      | Reached XP level 7. HP: 55/61 MP: 7/7
  3958 | D:4      | Reached skill level 9 in Axes
  4200 | D:4      | Noticed Dowan
  4201 | D:4      | Noticed Duvessa
  4211 | D:4      | Killed Duvessa
  4212 | D:4      | Reached skill level 10 in Axes
  4219 | D:4      | Killed Dowan
  4305 | D:4      | Found an opulent altar of Gozag.
  4369 | D:4      | Reached XP level 8. HP: 66/70 MP: 8/8
  4469 | D:4      | Noticed Edmund
  4490 | D:4      | Killed Edmund
  4491 | D:4      | Reached skill level 11 in Axes
  4930 | D:5      | Entered Level 5 of the Dungeon
  4931 | D:5      | Found an ancient bone altar of Kikubaaqudgha.
  4931 | D:5      | Found a basalt altar of Yredelemnul.
  4931 | D:5      | Found a transporter.
  4936 | D:5      | Noticed Menkaure
  5050 | D:5      | Noticed a hornet
  5056 | D:5      | Paralysed by a hornet for 3 turns
  5061 | D:5      | HP: 1/70 [hornet (6)]
  5061 | D:5      | Slain by a hornet

Illustrated notes

Levels and vault maps discovered:
D:1:      dpeg_arrival_renting, layout_rooms, hangedman_decor_riveting,
          minmay_split_cup_small
D:2:      layout_basic, chequers_ecumenical_altar_simple
D:3:      layout_loops_ring, serial_rivers, chequers_serial_rivers_room_b,
          chequers_serial_rivers_micro_e, chequers_serial_rivers_large_a,
          chequers_serial_rivers_micro_c, chequers_serial_rivers_room_a,
          chequers_serial_rivers_large_b
D:4:      layout_gridville, grunt_gozag_breadcrumbs, minmay_gold_behind_fungi,
          minmay_checkerbox, uniq_duvessa, uniq_edmund
D:5:      layout_rooms, gammafunk_temple_of_torment,
          mainiacjoe_overflow_catwalk, minmay_temple_entry_gardened_gates,
          minmay_misc_feat_four_crosses, minmay_manual_mess

Skill      XL: |  1  2  3  4  5  6  7  8 |
---------------+-------------------------+-----
Axes           | 5 6 7 8 10 11 | 11.8
Fighting       | 4 5 6 |  6.3
Armour         | 1 2 |  2.1
Dodging        | |  2.4
Stealth        | |  1.5

Action                   |  1- 3 |  4- 6 |  7- 9 || total
-------------------------+-------+-------+-------++-------
Melee: Hand axe          |    74 |       |       ||    74
       Punch             |     1 |       |       ||     1
       War axe           |    26 |    97 |       ||   123
       Broad axe         |       |    29 |    92 ||   121
Throw: Boomerang         |     2 |       |       ||     2
  Use: Potion            |     1 |       |     1 ||     2
 Stab: Sleeping          |     2 |       |       ||     2
Armor: Robe              |    21 |       |       ||    21
       Chain mail        |     2 |    85 |    71 ||   158
Dodge: Dodged            |    63 |    44 |    38 ||   145

Table legend: (Time is in decaauts)
 A = Elapsed time spent in this place.
 B = Non-inter-level travel time spent in this place.
 C = Inter-level travel time spent in this place.
 D = Time resting spent in this place.
 E = Time spent auto-exploring this place.
 F = Levels seen in this place.
 G = Mean time per level.
                   A        B        C        D        E       F      G
               +--------+--------+--------+--------+--------+-----+--------+
         Total |   5155 |   4616 |    539 |    990 |   2439 |   5 | 1031.0 |
       Dungeon |   5155 |   4616 |    539 |    990 |   2439 |   5 | 1031.0 |
               +--------+--------+--------+--------+--------+-----+--------+

Top non-repeatable levels by time:
     D:4: 1510 daAuts
     D:1: 1343 daAuts
     D:3: 1198 daAuts
     D:2: 1048 daAuts
     D:5: 55 daAuts
